 Dungeon Crawl Stone Soup version 0.32-a0-612-g1c984fe9d1 (webtiles) character file.

Game seed: 16010306348639551629

3597 zenocrate the Sneak (level 9, 46/46 HPs)
             Began as a Felid Earth Elementalist on Mar 4, 2024.
             Quit the game on level 8 of the Dungeon.
             The game lasted 00:16:01 (7715 turns).

zenocrate the Sneak (Felid Earth Elementalist)      Turns: 7715, Time: 00:16:01

Health: 46/46      AC:  2    Str:  3    XL:     9   Next: 85%
Magic:  16/16      EV: 20    Int: 26    God:
Gold:   445        SH:  0    Dex: 17    Spells: 6/17 levels left
                                        Lives:  0   Deaths: 2

rFire   . .          .
                       - Unarmed
rCold   . . .        (shield unavailable)
rNeg    . . .        (body armour unavailable)
rPois   .            (helmet unavailable)
rElec   .            (cloak unavailable)
rCorr   .            (gloves unavailable)
SInv    +            (boots unavailable)
Will    +....        y - amulet of the acrobat
Stlth   ++++         (no ring)
HPRegen 0.27/turn    (no ring)
MPRegen 0.15/turn

%: acrobat
@: beast-form
A: beast (slay +1), very small, claws 1, fangs 3, see invisible, shaggy fur 2,
stealthy paws, no weapons or thrown items, no armour, multi-lived, clever 1,
persistent drain
a: Begin Untransformation


You were on level 8 of the Dungeon.
You were a hulking beast.
You visited 2 branches of the dungeon, and saw 9 of its levels.

You collected 445 gold pieces.

Inventory:

Jewellery
 y - an amulet of the acrobat (around neck)
Talismans
 l - a dragon-blood talisman
 r - a beast talisman (active)
 v - a blade talisman
Wands
 i - a wand of polymorph (10)
Scrolls
 a - a scroll of butterflies {unknown}
 b - a scroll of amnesia {unknown}
 c - a scroll of identify
 d - 2 scrolls of poison {unknown}
 f - a scroll of fog {unknown}
 g - 2 scrolls of blinking {unknown}
 h - a scroll of brand weapon {unknown}
 j - a scroll of acquirement {unknown}
 k - 2 scrolls of teleportation {unknown}
 m - a scroll of silence {unknown}
 p - a scroll of enchant weapon {unknown}
 q - 2 scrolls of torment
 s - a scroll of enchant armour {unknown}
 t - 2 scrolls of fear {unknown}
 w - a scroll of immolation {unknown}
 x - a scroll of noise {unknown}
 z - a scroll of revelation {unknown}
Potions
 n - a potion of haste
 o - 2 potions of enlightenment


   Skills:
 + Level 4.5 Fighting
 + Level 6.4 Dodging
 * Level 6.9 Stealth
 + Level 6.1 Unarmed Combat
 + Level 4.5 Spellcasting
 + Level 4.1 Conjurations
 + Level 4.9 Earth Magic
 + Level 4.1 Evocations
 + Level 3.4 Shapeshifting


You had 6 spell levels left.
You knew the following spells:

 Your Spells              Type           Power      Damage    Failure   Level
a - Stone Arrow           Conj/Erth      58%        3d10      3%          3
b - Sandblast             Erth           62%        2d14      1%          1
c - Brom's Barrelling Bo  Conj/Erth      29%        2d5       13%         4
y - Swiftness             Air            5%         N/A       24%         3

Your spell library contained the following spells:

 Spells                   Type           Power      Damage    Failure   Level
 Shock                    Conj/Air       64%        1d7       3%          1
 Passwall                 Erth           31%        N/A       3%          3
 Ensorcelled Hibernation  Hex/Ice        10%        N/A       12%         2
 Sublimation of Blood     Necr           5%         N/A       12%         2
 Petrify                  Alch/Erth      18%        N/A       28%         4
 Airstrike                Air            2%         2d(1-17)  63%         4
 Irradiate                Conj/Alch      8%         3d14      67%         5


Dungeon Overview and Level Annotations

Branches:
Dungeon (8/15)             Temple (1/1) D:7
   Lair: D:8-11

Altars:
Ashenzari
Dithmenos
Elyvilon
Fedhas
Gozag
Hepliaklqana
Kikubaaqudgha
Okawaru
Qazlal
Ru
Sif Muna
Trog
Uskayaw
Vehumet
Wu Jian
Yredelemnul
Zin
The Shining One

Shops:
D:5 (   D:7 (

Annotations:
D:7 exclusion: ice statue


Innate Abilities, Weirdness & Mutations

You are a hulking beast.
Your limbs bulge with bestial killing power. (Slay +1)
You have sharp claws.
You have razor-sharp teeth.
You have supernaturally acute eyesight. (SInv)
You are covered in thick fur. (AC +2)
Your paws help you pounce on unaware monsters.
You are incapable of wielding weapons or throwing items.
You cannot wear armour.
You gain extra lives every three experience levels.
Your mind is acute. (Int +4, Str/Dex -1)
Your health recovers twice as slowly from being drained.


Message History

You kill the steam dragon!
You are engulfed in a cloud of scalding steam.
Unknown command.
Unknown command.
Casting: Stone Arrow (dangerous; 3% risk of failure)
Confirm with . or Enter, or press ? or * to list all spells.
You don't have enough magic to cast this spell.
Unknown command.
Unknown command.
Unknown command.
You are engulfed in a cloud of scalding steam.
Casting: Stone Arrow (dangerous; 3% risk of failure)
Confirm with . or Enter, or press ? or * to list all spells.
Aiming: Sandblast (safe; 1% risk of failure)
Press: ? - help, Shift-Dir - straight line, f - manticore
Aim: a manticore (90% to hit)
The blast of sand hits the manticore.
The manticore is lightly wounded.
You are engulfed in a cloud of scalding steam.
The manticore flicks its tail.
The volley of spikes skewers you.
Barbed spikes become lodged in your body.
* * * LOW HITPOINT WARNING * * *
Unknown command.
Casting: Sandblast (safe; 1% risk of failure)
Confirm with . or Enter, or press ? or * to list all spells.
Aiming: Sandblast (safe; 1% risk of failure)
Press: ? - help, Shift-Dir - straight line, f/p - manticore
Aim: a manticore (lightly wounded, 90% to hit)
The blast of sand hits the manticore!
The manticore is moderately wounded.
You are engulfed in a cloud of scalding steam.
You die...
Your shape twists and changes as you die.
The manticore flicks its tail.
The volley of spikes skewers your lifeless body!
More barbed spikes become lodged in your body.
You rejoin the land of the living...
Unknown command.
Are you sure you want to abandon this character and quit the game? (Confirm with "yes".)

######## .......# .......#
.......# .......#
############ .......#
#..........# ..######
##.###..###.# #..#
#....#....#.# ...###
#h.#.######.#
.....###########..#.### #.#
#..........Y.YY...#...# #.#
#..#...##########.#.#.####.#
.#.#...................>...#
.#...#.###.####.#.....#.####
.##....# #.# #.#...[...#
.##..#.###.# #.#.####..#
.###.#.....####.#.Y..#..#


There were no monsters in sight!

Vanquished Creatures
  A manticore (D:8)
  5 yaks
  Eustachio (D:3)
  A steam dragon (D:8)
  A neqoxec (D:8)
  2 orc warriors (D:7)
  An ice beast (D:6)
  3 black bears
  A centaur (D:6)
  A boggart (D:8)
  3 phantoms
  A kobold brigand (D:7)
  2 bullfrogs (D:8)
  2 scorpions
  4 killer bees
  A howler monkey (D:4)
  A bombardier beetle (D:5)
  A gnoll bouda (D:6)
  An orc priest (D:5)
  3 hounds (D:5)
  A sleepcap (D:4)
  2 iguanas
  6 orc wizards
  3 gnolls (D:6)
  6 adders
  4 white imps
  2 dart slugs
  22 orcs
  3 bats
  7 endoplasms
  8 giant cockroaches
  5 goblins
  A hobgoblin (D:3)
  11 kobolds
  A quokka (D:5)
  8 ball pythons
  A frilled lizard (D:1)
  A rat (D:2)
128 creatures vanquished.

Vanquished Creatures (collateral kills)
  An orc priest (D:6)
1 creature vanquished.

Vanquished Creatures (others)
  A gnoll (D:6)
1 creature vanquished.

Grand Total: 130 creatures vanquished

Notes
Turn   | Place    | Note
-------+----------+-------------------------------------------
     0 | D:1      | zenocrate the Felid Earth Elementalist began the quest for
                  | the Orb.
     0 | D:1      | Reached XP level 1. HP: 9/9 MP: 4/4
   161 | D:1      | Reached skill level 1 in Conjurations
   309 | D:1      | Reached XP level 2. HP: 14/14 MP: 4/6
   742 | D:1      | Found a faded altar of an unknown god.
  1176 | D:2      | Reached skill level 1 in Fighting
  1230 | D:2      | Reached XP level 3. HP: 18/18 MP: 3/7
  1313 | D:2      | Learned a level 3 spell: Stone Arrow
  1918 | D:3      | Found a sacrificial altar of Ru.
  2409 | D:4      | Noticed Eustachio
  2431 | D:3      | Reached skill level 1 in Unarmed Combat
  2585 | D:3      | Killed Eustachio
  2586 | D:3      | Reached XP level 4. HP: 20/23 MP: 4/8
  2586 | D:3      | Gained a life (2 lives remaining)
  2586 | D:3      | Reached XP level 5. HP: 23/26 MP: 4/9
  2804 | D:4      | Reached skill level 1 in Shapeshifting
  2804 | D:4      | Gained mutation: You are covered in thick fur. (AC +2)
                  | [Felid growth]
  2804 | D:4      | Reached XP level 6. HP: 22/30 MP: 6/11
  3199 | D:4      | Learned a level 4 spell: Brom's Barrelling Boulder
  3313 | D:5      | Entered Level 5 of the Dungeon
  3399 | D:5      | Found Xomejieh's Antique Weapon Emporium.
  3535 | D:5      | Found a hazy altar of Hepliaklqana.
  3699 | D:5      | Reached skill level 1 in Evocations
  3699 | D:5      | Reached XP level 7. HP: 15/35 MP: 1/12
  4004 | D:5      | Identified the +1 robe "Ohitoeva" {Will+++ Str-4 Stlth-
                  | Archmagi}
  4189 | D:5      | Learned a level 3 spell: Swiftness
  4426 | D:6      | Found a radiant altar of Vehumet.
  4439 | D:6      | Reached skill level 5 in Stealth
  4439 | D:6      | Reached XP level 8. HP: 40/40 MP: 3/14
  5019 | D:6      | Reached skill level 5 in Dodging
  5497 | D:7      | Found a shimmering blue altar of Sif Muna.
  5660 | D:7      | Found a staircase to the Ecumenical Temple.
  5679 | Temple   | Entered the Ecumenical Temple
  5855 | D:7      | Found Laifesu's Antique Weapon Boutique.
  6675 | D:7      | Reached skill level 5 in Unarmed Combat
  6675 | D:7      | Reached XP level 9. HP: 45/45 MP: 5/15
  6954 | D:7      | Noticed an ice statue
  7568 | D:8      | Noticed a deep elf pyromancer
  7569 | D:8      | a deep elf pyromancer changed into a manticore
  7569 | D:8      | Noticed a manticore
  7574 | D:8      | Identified the +6 great sword of Destruction {spect, Str+3}
  7578 | D:8      | Killed a manticore
  7591 | D:8      | Noticed an efreet
  7593 | D:8      | an efreet changed into a neqoxec
  7605 | D:8      | Gained mutation: Your health recovers twice as slowly from
                  | being drained. [a neqoxec]
  7608 | D:8      | Gained mutation: You are agile. (Dex +4, Str/Int -1) [a
                  | neqoxec]
  7620 | D:8      | Killed from afar by a steam dragon
  7620 | D:8      | Lost a life (1 life remaining)
  7621 | D:8      | Found a shadowy altar of Dithmenos.
  7625 | D:8      | Found an opulent altar of Gozag.
  7630 | D:8      | Lost mutation: You are agile. (Dex +4, Str/Int -1) [potion
                  | of mutation]
  7630 | D:8      | Lost mutation: Your health recovers twice as slowly from
                  | being drained. [potion of mutation]
  7630 | D:8      | Gained mutation: Your mind is acute. (Int +4, Str/Dex -1)
                  | [potion of mutation]
  7630 | D:8      | Gained mutation: Your health recovers twice as slowly from
                  | being drained. [potion of mutation]
  7690 | D:8      | Identified the +2 ring mail "Gemor" {rN+ Will+ Str+3}
  7708 | D:8      | Noticed a manticore
  7714 | D:8      | Engulfed by a cloud of steam
  7714 | D:8      | Lost a life (0 lives remaining)
  7715 | D:8      | Quit the game

Illustrated notes

Levels and vault maps discovered:
D:1:      minmay_arrival_five_plusses, layout_loops_corners,
          shapermc_ecumenical_altar_flowoftime, chequers_serial_rivers_marsh
D:2:      layout_basic, minmay_tromino_v4_c
D:3:      layout_loops_cross, amcnicky_altar_gilded
D:4:      layout_rooms, uniq_eustachio
D:5:      layout_rooms, nicolae_hepliaklqana_hazy_memory, serial_shops,
          nicolae_shop_hallway_stairs, minmay_fractal_squares_5
D:6:      layout_rooms, vehumet_crystals, minivault_24, interstate_on_off
D:7:      lemuel_ice_statue, layout_gridville, mainiacjoe_overflow_boulevard,
          minmay_temple_entry_ruins, serial_shops, nicolae_shop_dealshenge
D:8:      minmay_the_grid_four_pointed_star
          [minmay_the_grid_triangle_9x9_stretched_checkered,
          minmay_the_grid_triangle_9x9_sprig,
          minmay_the_grid_triangle_9x9_semitri,
          minmay_the_grid_triangle_9x9_descending_squares,
          minmay_the_grid_prize_four_corners_diamond_b], layout_basic,
          amethyst_overflow_temple_binary
Temple:   nicolae_temple_bog_church

Skill      XL: |  1  2  3  4  5  6  7  8  9 |
---------------+----------------------------+-----
Conjurations   | 1 2 3 4 |  4.1
Dodging        | 3 4 5 6 |  6.4
Stealth        | 3 4 5 6 |  6.9
Fighting       | 1 2 3 4 |  4.5
Unarmed Combat | 2 3 5 6 |  6.1
Earth Magic    | 3 4 |  4.9
Shapeshifting  | 1 2 3 |  3.4
Spellcasting   | 3 4 |  4.5
Evocations     | 1 2 3 4 |  4.1

Action                     |  1- 3 |  4- 6 |  7- 9 || total
---------------------------+-------+-------+-------++-------
  Melee: Unarmed           |    43 |    13 |   131 ||   187
         Bite              |     3 |     2 |    17 ||    22
         Punch             |     1 |     1 |     4 ||     6
   Cast: Sandblast         |    52 |    33 |    61 ||   146
         Stone Arrow       |     1 |     5 |    72 ||    78
  Evoke: Wand              |       |       |    12 ||    12
    Use: Potion            |     2 |     1 |    10 ||    13
         Scroll            |       |     4 |     2 ||     6
   Stab: Sleeping          |     3 |     1 |     2 ||     6
         Distracted        |       |       |     1 ||     1
 Armour: Skin              |    24 |    17 |    79 ||   120
  Dodge: Dodged            |    93 |    50 |   182 ||   325
   Form: Beast             |       |       |     1 ||     1

Table legend: (Time is in decaauts)
 A = Elapsed time spent in this place.
 B = Non-inter-level travel time spent in this place.
 C = Inter-level travel time spent in this place.
 D = Time resting spent in this place.
 E = Time spent auto-exploring this place.
 F = Levels seen in this place.
 G = Mean time per level.
                   A        B        C        D        E       F      G
               +--------+--------+--------+--------+--------+-----+--------+
         Total |   7769 |   7541 |    228 |    162 |   6217 |   9 |  863.2 |
       Dungeon |   7765 |   7537 |    228 |    162 |   6217 |   8 |  970.6 |
        Temple |      4 |      4 |      0 |      0 |      0 |   1 |    4.0 |
               +--------+--------+--------+--------+--------+-----+--------+

Top non-repeatable levels by time:
     D:7: 1703 daAuts
     D:6: 1163 daAuts
     D:1: 1101 daAuts
     D:5: 1010 daAuts
     D:4: 807 daAuts
     D:3: 789 daAuts
     D:2: 657 daAuts
     D:8: 532 daAuts
  Temple: 4 daAuts
